 Dungeon Sprint DCSS version 0.30.0-29-ga12c61a403 (webtiles) character file.

Game seed: 4019502881613482775

4 Revguard the Trooper (level 1, -1/18 HPs)
             Began as a Demonspawn Fighter on June 19, 2023.
             Slain by a human (2 damage)
             ... in the Dungeon (Sprint III: "The Ten Rune Challenge").
             The game lasted 00:00:32 (53 turns).

Revguard the Trooper (Demonspawn Fighter)             Turns: 53, Time: 00:00:32

Health: -1/18      AC:  6    Str: 16    XL:     1   Next: 50%
Magic:  1/1        EV:  9    Int:  9    God:
Gold:   4          SH:  4    Dex: 12    Spells: 0/0 levels left

rFire   . . .        a - +0 war axe
rCold   . . .        c - +0 buckler
rNeg    . . .        b - +0 scale mail
rPois   .            (no helmet)
rElec   .            (no cloak)
rCorr   .            (no gloves)
SInv    .            (no boots)
Will    .....        (no amulet) Stlth
                     (no ring)
HPRegen 0.23/turn    (no ring)
MPRegen 0.07/turn

%: no teleportation
@: no status effects
A: no striking features
a: no special abilities


You were in the Dungeon.
You visited 1 branch You collected 4 gold pieces.

Inventory:

Hand Weapons
 a - a +0 war axe (weapon)
Armour
 b - a +0 scale mail (worn)
 c - a +0 buckler (worn)
Scrolls
 j - a scroll of blinking
Potions
 d - a potion of might
 e - a potion of curing
 f - a potion of heal wounds
 g - a potion of haste
 h - 2 potions of magic
 i - a potion of berserk rage


   Skills:
 + Level 3.2 Fighting
 + Level 2.1 Axes
 + Level 2.9 Armour
 + Level 0.6 Dodging
 + Level 2.9 Shields
 + Level 1.2 Invocations
 + Level 0.8 Evocations


You couldn't memorise any spells.
You didn't know any spells.
Your spell library was empty.

Dungeon Overview and Level Annotations

Branches:
Dungeon (1/1)

Altars:


Message History

You slash the endoplasm!
You kill the endoplasm!
Your Axes skill increases to level 2!
Your Invocations skill increases to level 1!
You now have 4 gold pieces.
You start resting.
HP restored.
You open the door.
A rat comes into view.
A rat comes into view.
Found a dagger.
The rat completely misses you.
There is an open door here.
You slash the rat!
You kill the rat!
The rat bites you but does no damage.
You hit the rat but do no damage. The rat bites you but does no damage.
You barely miss the rat. The rat bites you but does no damage.
The rat closely misses you.
You hit the rat but do no damage. You block the rat's attack.
You hit the rat.
You kill the rat!
You see here a rat corpse.
You open the door.
There is an open door here.
A human comes into view.
The human shouts!
You enter the shallow water.
Moving in this stuff is going to be slow.
You miss the human. The human hits you but does no damage.
The human closely misses you.
You closely miss the human. The human completely misses you.
You hit the human but do no damage. The human barely misses you.
You barely miss the human. The human hits you. x2
You closely miss the human. The human hits you.
You hit the human.
The human is lightly wounded.
The human hits you.
* * * LOW HITPOINT WARNING * * *
The human hits you.
You die...

▓#'####....♣.
▓.....#....~♣♣♣ ..
▓.....#...~~♣.♣♣..
▓.....#..~~~~♣♣...
▓####'#..~≈≈~~~.♣.
▓)..†.#.~~≈~~~....
▓.....#.~≈~~~.....
▓.....#.~~~.......
▓'#####...@p......
▓.................
▓▓▓▓▓▓▓▓▓▓▓▓▓▓▓▓▓▓


You could see a human.

Vanquished Creatures
  2 endoplasms (D)
  2 rats (D)
4 creatures vanquished.

Notes
Turn   | Place    | Note
-------+----------+-------------------------------------------
     0 | D        | Revguard the Demonspawn Fighter began the quest for the
                  | Orb.
     0 | D        | Reached XP level 1. HP: 18/18 MP: 1/1
     5 | D        | Reached skill level 1 in Invocations
    53 | D        | Slain by a human

Illustrated notes

Levels and vault maps discovered:
D:        dungeon_sprint_mu [sprint_mu_entry_forest, sprint_mu_temple_rooms,
          sprint_mu_d1_spiders, sprint_mu_d2_genie, sprint_mu_d3_branching,
          sprint_mu_orc_legion, sprint_mu_elf_gauntlet, sprint_mu_hive_nellie,
          sprint_mu_lair_fedhas, sprint_mu_vaults_butterflies,
          sprint_mu_slime_circle, sprint_mu_swamp_cave, sprint_mu_snake_twists,
          sprint_mu_blade_basic, sprint_mu_crypt_lich, sprint_mu_tomb_spiral,
          sprint_mu_vestibule_basic, sprint_mu_gehenna_hellfire,
          sprint_mu_dis_giant, sprint_mu_tartarus_statrot,
          sprint_mu_cocytus_islands, sprint_mu_zot1]

Skill      XL: |  1 |
---------------+----+-----
Axes           | 2 |  2.1
Invocations    | 1 |  1.2
Fighting       | |  3.2
Armour         | |  2.9
Dodging        | |  0.6
Shields        | |  2.9
Evocations     | |  0.8

Action                     || total
---------------------------++-------
  Melee: War axe           ||    13
 Armour: Scale mail        ||     4
  Dodge: Dodged            ||     5
  Block: Buckler           ||     1
